 Dungeon Crawl Stone Soup version 0.18.1-50-g88ac8fd (webtiles) character file.

8871 theElss the Blocker (level 11, -14/67 HPs)
             Began as a Gargoyle Berserker on Oct 10, 2016.
             Was a High Priest of Trog.
             Demolished by Rupert
             ... wielding a +2 great sword of electrocution
              (32 damage)
             ... on level 14 of the Dungeon.
             The game lasted 00:34:58 (12021 turns).

theElss the Blocker (Gargoyle Berserker)           Turns: 12021, Time: 00:35:00

Health: -14/67     AC: 21    Str: 23      XL:     11   Next: 37%
Magic:  11/11      EV: 13    Int:  9      God:    Trog [*****.]
Gold:   635        SH: 12    Dex:  8 (9)  Spells: 0 memorised, 10 levels left

rFire  + . .     SeeInvis .     x - +0 flail (protect)
rCold  . . .     Gourm    .     o - +0 leather armour (curse)
rNeg   + + .     Faith    +     E - +0 shield
rPois  ∞         Spirit   .     m - +1 hat of Charity {MR+ Stlth+}
rElec  +         Dismiss  .     p - +0 cloak
rCorr  .         Reflect  .     r - +0 pair of gloves
SustAt .         Harm     .     z - +0 pair of boots
MR     +....                    J - amulet of faith
Stlth  ++........               F - ring of positive energy
                                d - ring of protection from fire

@: exhausted, slowed, very slow, somewhat resistant to hostile enchantments,
unstealthy
A: negative energy resistance 1, electricity resistance, unbreathing,
petrification resistance, rot immunity, AC +7
a: Berserk, Trog's Hand, Brothers in Arms, Burn Spellbooks, Renounce Religion


You were on level 14 of the Dungeon.
You worshipped Trog.
Trog was extremely pleased with you.
You were very hungry.

You visited 2 branches of the dungeon, and saw 13 of its levels.

You collected 635 gold pieces.

Inventory:

Hand Weapons
 x - a +0 flail of protection (weapon)
Armour
 m - the +1 hat of Charity (worn) {MR+ Stlth+}
   (You found it on level 6 of the Dungeon)

   It affects your resistance to hostile enchantments.
   It makes you more stealthy.
 o - a cursed +0 leather armour (worn)
 p - a +0 cloak (worn)
 r - a +0 pair of gloves (worn)
 z - a +0 pair of boots (worn)
 E - a +0 shield (worn)
 G - a +0 plate armour
Jewellery
 d - a ring of protection from fire (left hand)
 j - an uncursed ring of fire
 n - an uncursed amulet of guardian spirit
 F - a ring of positive energy (right hand)
 J - an amulet of faith (around neck)
Wands
 t - a wand of polymorph (13/24)
 A - a wand of acid (8/15)
 D - a wand of disintegration (11/24)
 I - a wand of flame (17/48)
 L - a wand of lightning (10/15)
 M - a wand of polymorph (9/24)
 P - a wand of slowing (24/48)
 R - a wand of lightning (8/15)
 S - a wand of confusion (24/48)
Scrolls
 a - 3 scrolls of remove curse
 b - a scroll of enchant armour {unknown}
 e - 2 scrolls of magic mapping
 h - 2 scrolls of teleportation
 i - a scroll of enchant weapon {unknown}
 l - 3 scrolls of immolation {unknown}
 q - 2 scrolls of fear {unknown}
 s - a scroll of fog {unknown}
 y - 2 scrolls of recharging {unknown}
 N - a scroll of acquirement {unknown}
 O - a scroll of holy word {unknown}
 U - a scroll of noise {unknown}
 V - a scroll of blinking {unknown}
Potions
 f - 4 potions of brilliance
 k - 5 potions of might
 u - 3 potions of flight
 v - a potion of invisibility
 w - 5 potions of curing
 B - a potion of haste {unknown}
 K - a potion of cancellation {unknown}
Books
 W - a Young Poisoner's Handbook

   Spells                             Type                      Level
   a - Sting                          Conjuration/Poison           1
   b - Cure Poison                    Poison                       2
   c - Mephitic Cloud                 Conjuration/Poison/Air       3
   d - Olgreb's Toxic Radiance        Poison                       4
   e - Venom Bolt                     Conjuration/Poison           5
   Trog disapproves of the use of such an item.
Comestibles
 c - 4 bread rations
 g - 8 meat rations
 H - 15 fruits
 Q - 3 beef jerkies
 T - a royal jelly


   Skills:
 + Level 7.2 Fighting
 + Level 8.3 Maces & Flails
 * Level 6.2 Armour
 + Level 7.3 Dodging
 + Level 11.3 Shields


You had 10 spell levels left.
You didn't know any spells.

Dungeon Overview and Level Annotations

Branches:
Dungeon (14/15)            Temple (1/1) D:7            Lair (0/8) D:8
    Orc: D:9-12      Vaults: D:13-14

Altars:
Ashenzari
Cheibriados
Dithmenos
Elyvilon
Fedhas
Gozag
Kikubaaqudgha
Makhleb
Nemelex Xobeh
Okawaru
Pakellas
Qazlal
Ru
Sif Muna
Trog
Vehumet
Xom
Yredelemnul
Zin
The Shining One

Shops:
D:8 }

Annotations:
D:14 Rupert


Innate Abilities, Weirdness & Mutations

You are resistant to torment.
Your stone body is resilient (AC +7).
You are immune to poison.
You resist negative energy.
You are resistant to electric shocks.
You can survive without breathing.
You are immune to petrification.
You are immune to rotting.


Message History

Rupert hits you but does no damage.
You are too berserk!
Unknown command.
You bludgeon Rupert!!
Rupert is moderately wounded.
You sock Rupert!
Rupert is moderately wounded.
You block Rupert's attack.
You hit Rupert but do no damage.
Rupert is moderately wounded.
Rupert hits you with a great sword of electrocution!
* * * LOW HITPOINT WARNING * * *
You closely miss Rupert.
Rupert is moderately wounded.
You are no longer berserk.
You are exhausted.
You feel yourself slow down.
You are feeling very hungry.
Rupert hits you with a great sword of electrocution!!
You die...

.....# #......#.......
.....# #.....##.....#
.....# #.....##.....#
.....# #.....#......#
.....# #.#.....#......#
.....###.#.....#......#
.........#.....#T..%..#
###......#######@######
#..###........@# +..#
#.........#
#..###...#####.#
#........# #.#
#........# #.#
####+##..# #.# #..# #.#
#..# #.# #... ..#


You could see Rupert (berserk) and a troll.

Vanquished Creatures
  Snorg (D:10)
  3 hill giants
  Sigmund (D:4)
  A wyvern (D:4)
  A hippogriff (D:10)
  A soldier ant (D:8)
  A mottled dragon (D:14)
  3 wargs (D:8)
  2 sky beasts
  A wasp (D:8)
  3 ice beasts
  2 orc warriors (D:8)
  2 black bears
  7 ogres
  3 phantoms (D:9)
  3 centaurs
  3 big kobolds
  6 giant frogs
  A scorpion (D:4)
  6 killer bees (D:9)
  6 wights
  4 howler monkeys (D:7)
  A giant frog zombie (D:4)
  3 crimson imps
  A centaur zombie (D:6)
  4 hounds
  6 orc priests
  3 jellies
  A quasit (D:10)
  A gnoll shaman (D:4)
  2 giant frog skeletons
  13 orc wizards
  4 centaur skeletons
  Natasha (twice) (D:3)
  4 iguanas
  14 worker ants
  Ijyb (D:2)
  A hound skeleton (D:6)
  A worker ant zombie (D:10)
  A howler monkey zombie (D:7)
  Robin (D:4)
  16 gnolls
  10 adders
  A shadow imp (D:7)
  2 oozes
  An adder skeleton (D:8)
  An adder zombie (D:8)
  A worm (D:2)
  5 giant geckos
  33 orcs
  9 bats
  5 giant cockroaches
  13 goblins
  14 hobgoblins
  11 jackals
  4 quokkas
  7 giant newts
  A jackal zombie (D:6)
  16 kobolds
  A quokka skeleton (D:5)
  A quokka zombie (D:5)
  8 rats
285 creatures vanquished.

Vanquished Creatures (others)
  2 orcs
  A quokka (D:3)
3 creatures vanquished.

Grand Total: 288 creatures vanquished

Notes
Turn   | Place    | Note
--------------------------------------------------------------
     0 | D:1      | theElss the Gargoyle Berserker began the quest for the Orb.
     0 | D:1      | Reached XP level 1. HP: 14/14 MP: 1/1
   290 | D:1      | Reached XP level 2. HP: 18/19 MP: 2/2
  1270 | D:1      | Reached XP level 3. HP: 21/24 MP: 3/3
  1584 | D:2      | Reached ** piety under Trog
  1923 | D:2      | Noticed Ijyb
  1940 | D:2      | Killed Ijyb
  1940 | D:2      | Reached XP level 4. HP: 29/29 MP: 2/4
  2692 | D:3      | Reached XP level 5. HP: 33/33 MP: 3/5
  2817 | D:3      | Reached *** piety under Trog
  2869 | D:3      | Found a white marble altar of Elyvilon.
  3240 | D:3      | Reached XP level 6. HP: 37/39 MP: 6/6
  3250 | D:3      | Noticed Natasha
  3259 | D:3      | Killed Natasha
  3610 | D:3      | Noticed Natasha
  3616 | D:3      | Killed Natasha
  3717 | D:4      | Reached skill level 5 in Fighting
  3719 | D:4      | Reached XP level 7. HP: 44/44 MP: 5/7
  3775 | D:4      | Noticed Robin
  3808 | D:4      | Reached **** piety under Trog
  3812 | D:4      | Killed Robin
  3812 | D:4      | Reached skill level 5 in Maces & Flails
  3945 | D:4      | Noticed Sigmund
  3956 | D:4      | Killed Sigmund
  4240 | D:4      | Noticed a wyvern
  4249 | D:4      | Killed a wyvern
  4249 | D:4      | Reached XP level 8. HP: 50/50 MP: 4/8
  4521 | D:5      | Entered Level 5 of the Dungeon
  4655 | D:5      | Reached skill level 5 in Dodging
  4667 | D:5      | Found a white marble altar of Elyvilon.
  4749 | D:5      | Found a deep blue altar of Sif Muna.
  4749 | D:5      | Found a burning altar of Makhleb.
  4750 | D:5      | Found a shadowy altar of Dithmenos.
  5859 | D:6      | Found a snail-covered altar of Cheibriados.
  5895 | D:6      | Reached XP level 9. HP: 40/56 MP: 6/9
  6032 | D:6      | Found an ancient bone altar of Kikubaaqudgha.
  6079 | D:6      | Got an encrusted hat
  6085 | D:6      | Identified the +1 hat of Charity {MR+ Stlth+} (You found it on level 6 of the Dungeon)
  6336 | D:6      | Reached skill level 1 in Shields
  6531 | D:6      | Reached skill level 2 in Shields
  6750 | D:7      | Reached skill level 3 in Shields
  6788 | D:7      | Reached skill level 4 in Shields
  6916 | D:7      | Reached skill level 5 in Shields
  7050 | D:7      | Reached skill level 6 in Shields
  7357 | D:7      | Found a sparkling altar of Nemelex Xobeh.
  7549 | D:7      | Found a staircase to the Ecumenical Temple.
  7570 | Temple   | Entered the Ecumenical Temple
  7687 | D:8      | Reached ***** piety under Trog
  7687 | D:8      | Reached skill level 7 in Shields
  7832 | D:8      | Found a sacrificial altar of Ru.
  7877 | D:8      | Reached skill level 8 in Shields
  7877 | D:8      | Reached XP level 10. HP: 56/61 MP: 10/10
  8169 | D:8      | Found a staircase to the Lair.
  8216 | D:8      | Reached skill level 9 in Shields
  8503 | D:8      | Found a blossoming altar of Fedhas.
  9048 | D:8      | Reached skill level 10 in Shields
  9102 | D:8      | Found Ilioprec's Gadget Boutique.
  9278 | D:9      | Noticed a hill giant
  9291 | D:9      | Killed a hill giant
  9517 | D:9      | Found a shimmering altar of Xom.
  9517 | D:9      | Found a shimmering altar of Xom.
  9582 | D:9      | Received a gift from Trog
  9790 | D:9      | Reached skill level 5 in Armour
  9839 | D:9      | Found a sparkling altar of Nemelex Xobeh.
 10168 | D:9      | Found a shimmering altar of Xom.
 10169 | D:9      | Found a shimmering altar of Xom.
 10170 | D:9      | Found a shimmering altar of Xom.
 10170 | D:9      | Found a shimmering altar of Xom.
 10171 | D:9      | Noticed a mana viper
 10171 | D:9      | Found a shimmering altar of Xom.
 10171 | D:9      | Found a shimmering altar of Xom.
 10171 | D:9      | Found a shimmering altar of Xom.
 10172 | D:9      | Found a shimmering altar of Xom.
 10172 | D:9      | Found a shimmering altar of Xom.
 10186 | D:9      | Noticed a shock serpent
 10191 | D:9      | Noticed an orb spider
 10191 | D:9      | a polar bear changed into an orb spider
 10326 | D:10     | Entered Level 10 of the Dungeon
 10397 | D:10     | Found a shimmering altar of Xom.
 10403 | D:10     | Noticed a hill giant
 10534 | D:10     | Noticed Snorg
 10581 | D:10     | Killed Snorg
 10581 | D:10     | Reached XP level 11. HP: 67/67 MP: 11/11
 10736 | D:10     | Killed a hill giant
 10736 | D:10     | Reached skill level 11 in Shields
 11196 | D:10     | Noticed a hill giant
 11284 | D:10     | Killed a hill giant
 11712 | D:11     | You fall through a shaft for 3 floors!
 11897 | D:14     | Noticed a manticore
 11989 | D:14     | Noticed Rupert
 12021 | D:14     | Demolished by Rupert

Skill      XL: |  1  2  3  4  5  6  7  8  9 10 11 |
---------------+----------------------------------+-----
Fighting       | 4 5 6 7 |  7.2
Dodging        | 2 3 4 5 6 7 |  7.3
Maces & Flails | 4 5 7 8 |  8.3
Armour         | 3 4 5 6 |  6.2
Shields        | 8 10 11 | 11.3

Action                   |  1- 3 |  4- 6 |  7- 9 | 10-12 || total
-------------------------+-------+-------+-------+-------++-------
Melee: Whip              |   160 |   102 |       |       ||   262
       Mace              |     2 |       |       |       ||     2
       Flail             |       |   143 |   546 |   583 ||  1272
Invok: Berserk           |     2 |     2 |     4 |     7 ||    15
       Trog's Hand       |       |     1 |     2 |       ||     3
  Use: Scroll            |       |       |     7 |     2 ||     9
 Stab: Distracted        |       |       |     1 |       ||     1
       Sleeping          |       |       |     3 |     4 ||     7
  Eat: Chunk             |     4 |     8 |    19 |    19 ||    50
       Fruit             |       |       |       |     1 ||     1
       Pizza             |       |       |       |     1 ||     1
Armor: Animal skin       |    17 |       |       |       ||    17
       Leather armour    |    42 |   102 |   241 |   173 ||   558
Dodge: Dodged            |    94 |   147 |   317 |   248 ||   806
Block: Shield            |       |       |   109 |   327 ||   436
